TOP OF THE 1ST |
Nassau Rockets batting - Pitching for St. Louis Browns : LHP Bernardo Miranda
|
Pitching: LHP Bernardo Miranda
|
|
Batting: LHB Don Ramey
|
0-0: SINGLE (Groundball, 6MD)
|
Batting: RHB Salvador Borbón
|
0-0: Ball 1-0: Fly out, F9 (Line Drive, 9D)
|
Batting: RHB Rubén Matos
|
0-0: Ball 1-0: Swinging Strike 1-1: Swinging Strike 1-2: Ground out 4-3 (Groundball, 4) Don Ramey to second
|
Batting: LHB Andrew Alvarado
|
0-0: Swinging Strike 0-1: Foul Ball, location: 2F 0-2: Foul Ball, location: 2F 0-2: SINGLE (Groundball, 34D) Don Ramey to third Runner from 3rd tries for Home, SAFE, no throw
|
Batting: LHB Wilson Allen
|
0-0: Ball 1-0: Ball 2-0: Foul Ball, location: 2F 2-1: Ground out U3 (Groundball, 3L)
|
Top of the 1st over - 1 run(s), 2 hit(s), 0 error(s), 1 left on base; Nassau 1 - St. Louis 0 |
BOTTOM OF THE 1ST |
St. Louis Browns batting - Pitching for Nassau Rockets : RHP Fernando Castillo
|
Pitching: RHP Fernando Castillo
|
|
Batting: LHB Robin Hill
|
0-0: Ball 1-0: Ball 2-0: Fly out, F8 (Flyball, 8RS)
|
Batting: LHB Bob Ware
|
0-0: Ball 1-0: Ball 2-0: Fly out, F8 (Flyball, 8LM)
|
Batting: LHB Mike Hill
|
0-0: Ball 1-0: Ball 2-0: Ball 3-0: Base on Balls
|
Batting: RHB Carlos Alfaro
|
0-0: Ball 1-0: Ball 2-0: Fielders Choice at 2nd, 4-6 (Groundball, 4)
|
Bottom of the 1st over - 0 run(s), 0 hit(s), 0 error(s), 0 left on base; Nassau 1 - St. Louis 0 |
TOP OF THE 2ND |
Nassau Rockets batting - Pitching for St. Louis Browns : LHP Bernardo Miranda
|
Batting: SHB Howard Parker
|
0-0: Ball 1-0: Foul Ball, location: 2F 1-1: Ball 2-1: Ground out 5-3 (Groundball, 56)
|
Batting: LHB Bob Martin
|
0-0: Ball 1-0: Fly out, F9 (Line Drive, 9D)
|
Batting: LHB Rafael Delgado
|
0-0: Ball 1-0: Ball 2-0: Ball 3-0: Called Strike 3-1: Ground out 6-3 (Groundball, 6)
|
Top of the 2nd over - 0 run(s), 0 hit(s), 0 error(s), 0 left on base; Nassau 1 - St. Louis 0 |
BOTTOM OF THE 2ND |
St. Louis Browns batting - Pitching for Nassau Rockets : RHP Fernando Castillo
|
Batting: RHB Jeff Jones
|
0-0: Ground out 1-3 (Groundball, 13S)
|
Batting: LHB Jorge Torres
|
0-0: Ball 1-0: Called Strike 1-1: Ground out 1-3 (Groundball, 13S)
|
Batting: SHB David Johnstone
|
0-0: Ball 1-0: Foul Ball, location: 2F 1-1: SINGLE (Groundball, 56D)
|
Batting: RHB António Venecia
|
0-0: Ball 1-0: Ball 2-0: Fielders Choice at 2nd, 6-4 (Groundball, 6)
|
Bottom of the 2nd over - 0 run(s), 1 hit(s), 0 error(s), 0 left on base; Nassau 1 - St. Louis 0 |
TOP OF THE 3RD |
Nassau Rockets batting - Pitching for St. Louis Browns : LHP Bernardo Miranda
|
Batting: SHB Edgardo Osorio
|
0-0: Fly out, F7 (Line Drive, 7)
|
Batting: LHB Don Ramey
|
0-0: Ball 1-0: Called Strike 1-1: Ground out U3 (Groundball, 34)
|
Batting: RHB Salvador Borbón
|
0-0: Ball 1-0: Ground out 6-3 (Groundball, 6)
|
Top of the 3rd over - 0 run(s), 0 hit(s), 0 error(s), 0 left on base; Nassau 1 - St. Louis 0 |
BOTTOM OF THE 3RD |
St. Louis Browns batting - Pitching for Nassau Rockets : RHP Fernando Castillo
|
Batting: LHB Bill Murphy
|
0-0: Ball 1-0: Ball 2-0: Foul Ball, location: 2F 2-1: Foul Ball, location: 2F 2-2: Foul Ball, location: 2F 2-2: Ball 3-2: Fly out, F9 (Line Drive, 9D)
|
Batting: LHB Robin Hill
|
0-0: Ball 1-0: Ball 2-0: Ball 3-0: Called Strike 3-1: Called Strike 3-2: Foul Ball, location: 2F 3-2: Fly out, F8 (Flyball, 8RD)
|
Batting: LHB Bob Ware
|
0-0: Ball 1-0: Fly out, F7 (Flyball, 7D)
|
Bottom of the 3rd over - 0 run(s), 0 hit(s), 0 error(s), 0 left on base; Nassau 1 - St. Louis 0 |
TOP OF THE 4TH |
Nassau Rockets batting - Pitching for St. Louis Browns : LHP Bernardo Miranda
|
Batting: RHB Rubén Matos
|
0-0: Ball 1-0: Ball 2-0: Called Strike 2-1: DOUBLE (Flyball, 9D)
|
Batting: LHB Andrew Alvarado
|
0-0: Called Strike 0-1: Ball 1-1: Foul Ball, location: 2F 1-2: Strikes out swinging
|
Batting: LHB Wilson Allen
|
0-0: Foul Ball, location: 2F 0-1: Ball 1-1: Foul Ball, location: 2F 1-2: Strikes out swinging
|
Batting: SHB Howard Parker
|
0-0: Swinging Strike 0-1: Ball 1-1: Foul Ball, location: 2F 1-2: SINGLE (Line Drive, 89S) Rubén Matos to third
|
Batting: LHB Bob Martin
|
0-0: Called Strike 0-1: Called Strike 0-2: Ball 1-2: Foul Ball, location: 2F 1-2: Strikes out looking
|
Top of the 4th over - 0 run(s), 2 hit(s), 0 error(s), 2 left on base; Nassau 1 - St. Louis 0 |
BOTTOM OF THE 4TH |
St. Louis Browns batting - Pitching for Nassau Rockets : RHP Fernando Castillo
|
Batting: LHB Mike Hill
|
0-0: Ball 1-0: Foul Ball, location: 2F 1-1: Ball 2-1: Ball 3-1: Fly out, F8 (Line Drive, 8LXD)
|
Batting: RHB Carlos Alfaro
|
0-0: Swinging Strike 0-1: Ball 1-1: Hit by Pitch
|
Batting: RHB Jeff Jones
|
0-0: Ball 1-0: Ball 2-0: Ball 3-0: Called Strike 3-1: Base on Balls Carlos Alfaro to second
|
Batting: LHB Jorge Torres
|
0-0: Ball 1-0: Ball 2-0: Fly out, F8 (Flyball, 8RD)
|
Batting: SHB David Johnstone
|
0-0: SINGLE (Groundball, 56D) Carlos Alfaro to third Jeff Jones to second Runner from 3rd tries for Home, SAFE, no throw
|
Batting: RHB António Venecia
|
0-0: Called Strike 0-1: Ball 1-1: Swinging Strike 1-2: Ball 2-2: SINGLE (Groundball, 34D) Jeff Jones to third David Johnstone to second Runner from 3rd tries for Home, SAFE, throw made home David Johnstone to third António Venecia to second
|
Batting: LHB Bill Murphy
|
0-0: Ball 1-0: Called Strike 1-1: Ball 2-1: Ball 3-1: Ground out U3 (Groundball, 3)
|
Bottom of the 4th over - 2 run(s), 2 hit(s), 0 error(s), 2 left on base; Nassau 1 - St. Louis 2 |
TOP OF THE 5TH |
Nassau Rockets batting - Pitching for St. Louis Browns : LHP Bernardo Miranda
|
Batting: LHB Rafael Delgado
|
0-0: Called Strike 0-1: Called Strike 0-2: SOLO HOME RUN (Flyball, 8LXD) (Inside the Park)
|
Batting: SHB Edgardo Osorio
|
0-0: Ball 1-0: Called Strike 1-1: Ball 2-1: Ball 3-1: Called Strike 3-2: SINGLE (Flyball, 89S)
|
Batting: LHB Don Ramey
|
0-0: Ball Pickoff Throw to First - Out! 1-0: Ground out 4-3 (Groundball, 4S)
|
Batting: RHB Salvador Borbón
|
0-0: Swinging Strike 0-1: Ball 1-1: Ground out 4-3 (Groundball, 4)
|
Top of the 5th over - 1 run(s), 2 hit(s), 0 error(s), 0 left on base; Nassau 2 - St. Louis 2 |
BOTTOM OF THE 5TH |
St. Louis Browns batting - Pitching for Nassau Rockets : RHP Fernando Castillo
|
Batting: LHB Robin Hill
|
0-0: Called Strike 0-1: SINGLE (Groundball, 6MD)
|
Batting: LHB Bob Ware
|
0-0: Ball 1-0: 2-RUN HOME RUN (Flyball, 9D), Distance : 377 ft
|
Batting: LHB Mike Hill
|
0-0: Called Strike 0-1: Reached on error, E3 (Groundball, 34)
|
Batting: RHB Carlos Alfaro
|
0-0: Ball 1-0: Fly out, F9 (Flyball, 9)
|
Batting: RHB Jeff Jones
|
0-0: Called Strike 0-1: Foul Ball, location: 2F 0-2: Ball 1-2: Ball 2-2: Strikes out swinging
|
Batting: LHB Jorge Torres
|
0-0: Ball 1-0: Ball 2-0: 2-RUN HOME RUN (Line Drive, 9D), Distance : 376 ft
|
Pitching: RHP Bill Sampson
|
|
Batting: SHB David Johnstone
|
0-0: Swinging Strike 0-1: Called Strike 0-2: SINGLE (Line Drive, 56D)
|
Batting: RHB António Venecia
|
0-0: Called Strike 0-1: Ball 1-1: Ball 2-1: Ball 3-1: Base on Balls David Johnstone to second
|
Batting: LHB Bill Murphy
|
0-0: Called Strike 0-1: DOUBLE (Groundball, 3L) David Johnstone scores António Venecia to third Runner from 3rd tries for Home, SAFE, no throw
|
Batting: LHB Robin Hill
|
0-0: Foul Ball, location: 2F 0-1: Foul Ball, location: 2F 0-2: Strikes out looking
|
Bottom of the 5th over - 6 run(s), 5 hit(s), 1 error(s), 1 left on base; Nassau 2 - St. Louis 8 |
TOP OF THE 6TH |
Nassau Rockets batting - Pitching for St. Louis Browns : LHP Bernardo Miranda
|
Batting: RHB Rubén Matos
|
0-0: Called Strike 0-1: Ball 1-1: Foul Ball, location: 2F 1-2: Ground out 3-1 (Groundball, 34)
|
Batting: LHB Andrew Alvarado
|
0-0: Ball 1-0: Ball 2-0: Fly out, F7 (Flyball, 7LSF)
|
Batting: LHB Wilson Allen
|
0-0: Foul Ball, location: 2F 0-1: Foul Ball, location: 2F 0-2: Ball 1-2: Foul Ball, location: 2F 1-2: SINGLE (Groundball, 4MD)
|
Batting: SHB Howard Parker
|
0-0: Foul Ball, location: 2F 0-1: Ball 1-1: Foul Ball, location: 2F 1-2: Fielders Choice at 2nd, 4-6 (Groundball, 4)
|
Top of the 6th over - 0 run(s), 1 hit(s), 0 error(s), 0 left on base; Nassau 2 - St. Louis 8 |
BOTTOM OF THE 6TH |
St. Louis Browns batting - Pitching for Nassau Rockets : RHP Bill Sampson
|
Batting: LHB Bob Ware
|
0-0: Ball 1-0: Ball 2-0: Ball 3-0: Base on Balls
|
Batting: LHB Mike Hill
|
0-0: Foul Ball, location: 2F 0-1: Ball 1-1: Foul Ball, location: 2F 1-2: Fly out, F9 (Flyball, 89S)
|
Batting: RHB Carlos Alfaro
|
0-0: Called Strike 0-1: Ball 1-1: Called Strike 1-2: Ball 2-2: Ball 3-2: Grounds into double play, 6-4-3 (Groundball, 6)
|
Bottom of the 6th over - 0 run(s), 0 hit(s), 0 error(s), 0 left on base; Nassau 2 - St. Louis 8 |
TOP OF THE 7TH |
Nassau Rockets batting - Pitching for St. Louis Browns : LHP Bernardo Miranda
|
Batting: LHB Bob Martin
|
0-0: Called Strike 0-1: Ball 1-1: Ground out 5-3 (Groundball, 56)
|
Batting: LHB Rafael Delgado
|
0-0: Fly out, F7 (Flyball, 7S)
|
Batting: SHB Edgardo Osorio
|
0-0: SOLO HOME RUN (Flyball, 78XD), Distance : 391 ft
|
Batting: LHB Don Ramey
|
0-0: Ball 1-0: Foul Ball, location: 2F 1-1: Ground out 4-3 (Groundball, 4M)
|
Top of the 7th over - 1 run(s), 1 hit(s), 0 error(s), 0 left on base; Nassau 3 - St. Louis 8 |
BOTTOM OF THE 7TH |
St. Louis Browns batting - Pitching for Nassau Rockets : RHP Bill Sampson
|
Pitching: RHP Nolan Baker
|
|
Batting: RHB Jeff Jones
|
0-0: Foul Ball, location: 2F 0-1: Swinging Strike 0-2: Ball 1-2: Strikes out looking
|
Batting: LHB Jorge Torres
|
0-0: Called Strike 0-1: Ball 1-1: SINGLE (Line Drive, 6M)
|
Batting: SHB David Johnstone
|
0-0: 2-RUN HOME RUN (Flyball, 9D), Distance : 360 ft
|
Batting: RHB António Venecia
|
0-0: Ball 1-0: Foul Ball, location: 2F 1-1: Foul Ball, location: 2F 1-2: Foul Ball, location: 2F 1-2: Foul Ball, location: 2F 1-2: Ball 2-2: Foul Ball, location: 2F 2-2: SINGLE (Groundball, 56D)
|
Batting: LHB Bill Murphy
|
0-0: Fielders Choice at 2nd, 1-6 (Groundball, 13)
|
Batting: LHB Robin Hill
|
0-0: Foul Ball, location: 2F 0-1: Swinging Strike 0-2: Ball 1-2: Fly out, F7 (Flyball, 78D)
|
Bottom of the 7th over - 2 run(s), 3 hit(s), 0 error(s), 1 left on base; Nassau 3 - St. Louis 10 |
TOP OF THE 8TH |
Nassau Rockets batting - Pitching for St. Louis Browns : LHP Bernardo Miranda
|
Now in RF: Mario Rosales
|
|
Batting: RHB Salvador Borbón
|
0-0: Ball 1-0: Foul Ball, location: 2F 1-1: Ball 2-1: Ball 3-1: SINGLE (Groundball, 6MD)
|
Pitching: RHP John Allan
|
|
Batting: RHB Rubén Matos
|
0-0: Swinging Strike 0-1: Ball 1-1: Swinging Strike 1-2: Foul Ball, location: 2F 1-2: Grounds into double play, 4-6-3 (Groundball, 4M)
|
Batting: LHB Andrew Alvarado
|
0-0: Ball 1-0: Reached on error, E7 (Line Drive, 7)
|
Batting: LHB Wilson Allen
|
0-0: Foul Ball, location: 2F 0-1: Ball 1-1: Swinging Strike 1-2: Strikes out swinging
|
Top of the 8th over - 0 run(s), 1 hit(s), 1 error(s), 1 left on base; Nassau 3 - St. Louis 10 |
BOTTOM OF THE 8TH |
St. Louis Browns batting - Pitching for Nassau Rockets : RHP Nolan Baker
|
Batting: LHB Bob Ware
|
0-0: Ball 1-0: Ball 2-0: Ball 3-0: Base on Balls
|
Batting: LHB Mike Hill
|
0-0: Ball Bob Ware steals 2nd base 1-0: Ball 2-0: Fly out, F5 (Line Drive, 56)
|
Batting: RHB Carlos Alfaro
|
0-0: Ball Bob Ware steals 3rd base 1-0: Ball 2-0: Foul Ball, location: 2F 2-1: Fly out, F9 (Flyball, 9) Runner from 3rd tags up, SCORES, no throw
|
Pinch Hitting: RHB Domingo Romero
|
0-0: SINGLE (Flyball, 8RS)
|
Pitching: RHP Luis Cortéz
|
|
Batting: LHB Jorge Torres
|
Pickoff Throw to First - Out!
|
Bottom of the 8th over - 1 run(s), 1 hit(s), 0 error(s), 0 left on base; Nassau 3 - St. Louis 11 |
TOP OF THE 9TH |
Nassau Rockets batting - Pitching for St. Louis Browns : RHP John Allan
|
Now at 2B: Domingo Romero
|
|
Batting: SHB Howard Parker
|
0-0: Ball 1-0: Foul Ball, location: 2F 1-1: Ball 2-1: Ground out 4-3 (Groundball, 4D)
|
Batting: LHB Bob Martin
|
0-0: Ball 1-0: Ball 2-0: Ball 3-0: Called Strike 3-1: Foul Ball, location: 2F 3-2: Ground out 1-3 (Groundball, 13S)
|
Batting: LHB Rafael Delgado
|
0-0: Ball 1-0: Fly out, F8 (Line Drive, 8RM)
|
Top of the 9th over - 0 run(s), 0 hit(s), 0 error(s), 0 left on base; Nassau 3 - St. Louis 11 |
|